[Event "Titled Tuesday Blitz April 26 Early 2022"]
[White "Kosteniuk, Alexandra"]
[Black "Begunov, Konstantin"]
[WhiteFideId "4128125"]
[BlackFideId "4118510"]
[WhiteElo "2469"]
[BlackElo "2262"]
[Result "0-1"]
[Round "08"]
[TimeControl "180+1"]
[Date "2022.04.26"]
[WhiteClock "0:00:52"]
[BlackClock "0:00:27"]

1. e4 c5 2. c3 Nf6 3. e5 Nd5 4. d4 cxd4 5. Nf3 Nc6 6. cxd4 d6 7. Bc4 Nb6 8. Bb5 d5 9. O-O Bg4 10. h3 Bxf3 11. Qxf3 e6 12. Qg4 Rc8 13. Nc3 a6 14. Bxc6+ Rxc6 15. Bg5 Qc7 16. Rac1 h6 17. Bh4 Nc4 18. Nd1 Nd2 19. Rxc6 Qxc6 20. Re1 g5 21. Bg3 Ne4 22. Qe2 Bb4 23. Rf1 Ke7 24. a3 Bd2 25. h4 Qc4 26. Qxc4 dxc4 27. Kh2 Rd8 28. Ne3 Rxd4 29. Nc2 Rd3 30. f3 Nxg3 31. Kxg3 Bf4+ 32. Kg4 Rd2 33. g3 Rxc2 34. gxf4 gxf4 35. Rb1 Rh2 36. a4 b6 37. h5 Kd7 38. Rd1+ Kc6 39. Rd4 Kc5 40. Rxf4 Rxb2 41. Rxf7 c3 42. Rc7+ Kd4 43. f4 c2 44. f5 exf5+ 45. Kxf5 Kd3 46. e6 Rb1 47. Rd7+ Kc3 48. Rc7+ Kb2 49. e7 Re1 50. Kf6 c1=Q 51. Rxc1 Kxc1 52. Kf7 b5 53. e8=Q Rxe8 54. Kxe8 bxa4 0-1


[Site "https://www.chess.com"]

[Event "Titled Tuesday Blitz April 26 Early 2022"]
[White "Kozak, Adam"]
[Black "Darini, Pouria"]
[WhiteFideId "753246"]
[BlackFideId "12502200"]
[WhiteElo "2459"]
[BlackElo "2489"]
[Result "0-1"]
[Round "08"]
[TimeControl "180+1"]
[Date "2022.04.26"]
[WhiteClock "0:00:03"]
[BlackClock "0:00:49"]

1. Nf3 Nf6 2. g3 e5 3. Bg2 e4 4. Ng1 h5 5. d3 exd3 6. cxd3 h4 7. Bg5 hxg3 8. hxg3 Rxh1 9. Bxh1 d5 10. Bd2 c6 11. Bg2 Qb6 12. Qc1 Bc5 13. e3 Bf5 14. Nc3 Bb4 15. a3 Be7 16. d4 Nbd7 17. Nge2 a5 18. Nf4 Qa6 19. Bf1 Qa7 20. Na4 b5 21. Nc3 Qb7 22. Bd3 Bxd3 23. Nxd3 a4 24. Ne2 Nb6 25. Bb4 Nc4 26. Qc2 Ne4 27. Qc1 Bxb4+ 28. Nxb4 Ke7 29. Nd3 Rh8 30. Ng1 Rh1 31. Ke2 Qc8 32. Qf1 Qg4+ 33. Ke1 Ncd2 34. Qg2 Rxg1+ 35. Qxg1 Nf3+ 36. Kf1 Ned2+ 37. Kg2 Nxg1 38. Kxg1 Qe4 39. Nf4 g5 40. Ne2 Nf3+ 41. Kf1 Nxd4 42. Nxd4 Qh1+ 43. Ke2 Qxa1 44. Nxc6+ Kd6 45. Nd4 Qxb2+ 46. Kf3 b4 47. axb4 Qxd4 48. exd4 a3 49. Kg4 a2 50. f4 a1=Q 51. Kxg5 Qxd4 52. Kg4 Qxb4 53. Kh3 f5 54. Kh4 Ke6 55. Kh3 Qe1 56. Kg2 Qe2+ 57. Kg1 d4 58. g4 d3 59. gxf5+ Kxf5 60. Kh1 Kxf4 61. Kg1 Kg3 62. Kh1 d2 63. Kg1 d1=Q# 0-1


[Site "https://www.chess.com"]

[Event "Titled Tuesday Blitz April 26 Early 2022"]
[White "Kucuksari, Kaan"]
[Black "Pires, Marcos Vinicius Torsani"]
[WhiteFideId "6380166"]
[BlackFideId "2118939"]
[WhiteElo "2305"]
[BlackElo "2273"]
[Result "1-0"]
[Round "08"]
[TimeControl "180+1"]
[Date "2022.04.26"]
[WhiteClock "0:00:39"]
[BlackClock "0:00:05"]

1. d4 d5 2. c4 e6 3. Nf3 Nf6 4. g3 Be7 5. Bg2 O-O 6. O-O b6 7. Nc3 Bb7 8. Ne5 Nbd7 9. Bg5 h6 10. Nxd7 Qxd7 11. cxd5 exd5 12. Bxf6 Bxf6 13. Rc1 Rfe8 14. e3 Red8 15. b4 c6 16. Qb3 Qd6 17. Rfd1 Qe7 18. b5 c5 19. Nxd5 Bxd5 20. Bxd5 Rac8 21. dxc5 bxc5 22. Bc4 h5 23. h4 g6 24. Rxd8+ Rxd8 25. Rd1 Rxd1+ 26. Qxd1 Kg7 27. Qd5 Be5 28. Kg2 Bd6 29. f4 Qxe3 30. Qxf7+ Kh6 31. Qf6 Qe4+ 32. Kh2 Qc2+ 33. Kh3 Qf5+ 34. Qxf5 gxf5 35. Bf7 Be7 36. Be8 Bf6 37. Bf7 Bd4 38. Kg2 Bc3 39. Kf2 Bb4 40. Ke2 Bc3 41. a3 Ba5 42. a4 Bb4 43. Kd3 Be1 44. Ke3 Bxg3 45. a5 Bxh4 46. b6 axb6 47. a6 1-0


[Site "https://www.chess.com"]

[Event "Titled Tuesday Blitz April 26 Early 2022"]
[White "Lakshmi C"]
[Black "Saim, Mohamed Ilias"]
[WhiteFideId "25035347"]
[BlackFideId "7900465"]
[WhiteElo "1775"]
[BlackElo "2006"]
[Result "1-0"]
[Round "08"]
[TimeControl "180+1"]
[Date "2022.04.26"]
[WhiteClock "0:02:09"]
[BlackClock "0:01:46"]

1. e4 c6 2. Nc3 d5 3. Nf3 Bg4 4. h3 Bxf3 5. Qxf3 Nf6 6. d3 e6 7. Bd2 Be7 8. g4 dxe4 9. dxe4 Nbd7 10. Qg3 Nb6 11. O-O-O Nc4 12. Bxc4 1-0


[Site "https://www.chess.com"]

[Event "Titled Tuesday Blitz April 26 Early 2022"]
[White "Laohawirapap, Prin"]
[Black "Rottenwohrer Suarez, Juan"]
[WhiteFideId "6205003"]
[BlackFideId "32068182"]
[WhiteElo "1832"]
[BlackElo "2158"]
[Result "1-0"]
[Round "08"]
[TimeControl "180+1"]
[Date "2022.04.26"]
[WhiteClock "0:01:28"]
[BlackClock "0:00:06"]

1. e4 g6 2. d4 Bg7 3. Nc3 d6 4. g4 c5 5. Be3 cxd4 6. Bxd4 Nf6 7. g5 Nh5 8. Be2 Nc6 9. Bxg7 Nxg7 10. h4 h6 11. gxh6 Rxh6 12. Qd2 Rh8 13. O-O-O Qa5 14. Kb1 Be6 15. Nf3 Rc8 16. Ng5 Ne5 17. Nxe6 Nxe6 18. f4 Nc4 19. Bxc4 Rxc4 20. f5 gxf5 21. Qd3 Rd4 22. Qe3 f4 23. Qf2 Rxd1+ 24. Rxd1 Qh5 25. Qxa7 Kf8 26. Qb8+ Kg7 27. Rg1+ Kh7 28. Qxb7 Qxh4 29. e5 Ng5 30. Qxe7 Rg8 31. Ne4 Nxe4 32. Qxh4# 1-0


[Site "https://www.chess.com"]

[Event "Titled Tuesday Blitz April 26 Early 2022"]
[White "Lazavik, Denis"]
[Black "Ibrahimli, Murad"]
[WhiteFideId "13515110"]
[BlackFideId "13410229"]
[WhiteElo "2437"]
[BlackElo "2109"]
[Result "1/2-1/2"]
[Round "08"]
[TimeControl "180+1"]
[Date "2022.04.26"]
[WhiteClock "0:00:10"]
[BlackClock "0:00:14"]

1. d4 Nf6 2. c4 g6 3. g3 Bg7 4. Bg2 d5 5. cxd5 Nxd5 6. Nf3 Nb6 7. Nc3 Nc6 8. e3 O-O 9. O-O Re8 10. Re1 a5 11. Qe2 Be6 12. Rd1 Bc4 13. Qc2 Nb4 14. Qb1 a4 15. a3 N4d5 16. Nd2 Nxc3 17. bxc3 Bd5 18. e4 Be6 19. Qc2 Qd7 20. Rb1 Ra5 21. d5 Bh3 22. c4 Bxg2 23. Kxg2 e6 24. c5 Nc8 25. Nf3 exd5 26. exd5 b6 27. c6 Qd8 28. Bg5 Bf6 29. Bxf6 Qxf6 30. Rb4 Rc5 31. Qxa4 Nd6 32. Rf4 Qd8 33. h4 h6 34. Qb3 Re2 35. Nd4 Re5 36. Nc2 Qe7 37. Ne3 Re4 38. Rxe4 Qxe4+ 39. Kg1 Qe5 40. Qd3 Rc3 41. Qe2 Rxa3 42. Re1 h5 43. Qd2 Qc3 44. Qxc3 Rxc3 45. Ra1 Rc5 46. Ra7 Nb5 47. Rb7 Kg7 48. Kg2 Kf6 49. Rb8 Ke7 50. Kf3 Nd6 51. Ke2 b5 52. Kd3 Rc1 53. Ra8 Rb1 54. Ra7 Kd8 55. Ra8+ Ke7 56. Ra7 Kd8 57. Ra8+ Ke7 1/2-1/2


[Site "https://www.chess.com"]

[Event "Titled Tuesday Blitz April 26 Early 2022"]
[White "Le, Tuan Minh"]
[Black "Oganian, Miran"]
[WhiteFideId "12401153"]
[BlackFideId "4122488"]
[WhiteElo "2450"]
[BlackElo "2357"]
[Result "1-0"]
[Round "08"]
[TimeControl "180+1"]
[Date "2022.04.26"]
[WhiteClock "0:01:07"]
[BlackClock "0:00:37"]

1. d4 e6 2. Nf3 d5 3. Bf4 Be7 4. e3 Nf6 5. c4 O-O 6. Nc3 Ne4 7. Rc1 c6 8. Bd3 f5 9. O-O Nd7 10. Qb3 Kh8 11. Rfd1 Ndf6 12. Ne5 g5 13. Bg3 Qe8 14. Nxe4 Nxe4 15. Bxe4 fxe4 16. f3 h5 17. fxe4 h4 18. Be1 Qh5 19. Bb4 c5 20. Bxc5 Bxc5 21. dxc5 h3 22. Rf1 Bd7 23. Qc3 Qe2 24. Nxd7+ Kg8 25. gxh3 g4 26. Nf6+ Rxf6 27. Qxf6 Qxe3+ 28. Qf2 Qg3+ 29. Qxg3 1-0


[Site "https://www.chess.com"]

[Event "Titled Tuesday Blitz April 26 Early 2022"]
[White "Li, Ben"]
[Black "Zia, Tahsin Tajwar"]
[WhiteFideId "2089980"]
[BlackFideId "10211888"]
[WhiteElo "2267"]
[BlackElo "1800"]
[Result "0-1"]
[Round "08"]
[TimeControl "180+1"]
[Date "2022.04.26"]
[WhiteClock "0:00:07"]
[BlackClock "0:00:04"]

1. d4 Nf6 2. c4 c5 3. d5 b5 4. cxb5 a6 5. e3 axb5 6. Bxb5 g6 7. Nc3 Bg7 8. Nf3 O-O 9. O-O d6 10. e4 Ba6 11. Qe2 Qb6 12. a4 Nbd7 13. Bd2 Rfb8 14. h3 Ra7 15. Bg5 h6 16. Bf4 Nh5 17. Be3 Bd4 18. Bxh6 Ng3 19. Qd2 Nxf1 20. Rxf1 Ne5 21. Ng5 Bxb5 22. axb5 Qa5 23. Qf4 Bxc3 24. bxc3 Qxc3 25. Qh4 Ra1 26. Rxa1 Qxa1+ 27. Kh2 Rxb5 28. Bf8 Nf3+ 29. gxf3 Kxf8 30. Nh7+ Kg7 31. Ng5 Rb1 32. Qh7+ Kf6 33. Qxf7+ Kxg5 34. f4+ Kh6 35. Qxe7 Rh1+ 36. Kg3 Qg1+ 37. Kf3 Rxh3+ 38. Ke2 Qg4+ 39. Ke1 Rh1+ 40. Kd2 Qd1+ 41. Kc3 Qc1+ 42. Kb3 Qb1+ 43. Ka4 Qb4# 0-1


[Site "https://www.chess.com"]

[Event "Titled Tuesday Blitz April 26 Early 2022"]
[White "Mangialardo, Tiago Carvalho"]
[Black "Hoffmann, Asa"]
[WhiteFideId "2130718"]
[BlackFideId "2001470"]
[WhiteElo "2076"]
[BlackElo "2117"]
[Result "1-0"]
[Round "08"]
[TimeControl "180+1"]
[Date "2022.04.26"]
[WhiteClock "0:00:03"]
[BlackClock "0:01:00"]

1. e4 d6 2. d4 Nf6 3. Nd2 c5 4. c3 Nc6 5. Ngf3 e6 6. Bd3 Be7 7. O-O O-O 8. Qe2 a6 9. e5 Nd5 10. Ne4 cxd4 11. cxd4 h6 12. Ng3 Bg5 13. Nxg5 hxg5 14. Qh5 f5 15. exf6 Nxf6 16. Qg6 Nxd4 17. Bxg5 Nf5 18. Nh5 Nxh5 19. Bxd8 Nf4 20. Qg4 Nxd3 21. Bg5 Ne5 22. Qe2 Bd7 23. Rad1 Bc6 24. f4 Ng6 25. Qxe6+ Kh7 26. Rd3 Rae8 27. Rh3+ Nfh4 28. Qg4 Kg8 29. Bxh4 Ne7 30. Bxe7 Rxe7 31. Qh4 Rf6 32. Qh8+ Kf7 33. f5 Be4 34. Qh5+ Kf8 35. Rc3 Re8 36. Rc7 Bd5 37. Qh8+ Bg8 38. Qxg7# 1-0


[Site "https://www.chess.com"]

[Event "Titled Tuesday Blitz April 26 Early 2022"]
[White "Martic, Ivan"]
[Black "Lach, Aleksandra"]
[WhiteFideId "929301"]
[BlackFideId "1134299"]
[WhiteElo "2317"]
[BlackElo "2172"]
[Result "1-0"]
[Round "08"]
[TimeControl "180+1"]
[Date "2022.04.26"]
[WhiteClock "0:00:12"]
[BlackClock "0:00:04"]

1. e4 c5 2. Nf3 g6 3. c3 Bg7 4. Bc4 e6 5. O-O Ne7 6. e5 d5 7. exd6 Qxd6 8. d4 cxd4 9. Na3 a6 10. cxd4 O-O 11. Bb3 b5 12. Qe2 Bb7 13. Rd1 Nd5 14. Ne5 Nd7 15. Re1 N7b6 16. Nc2 Rac8 17. a3 a5 18. Bd2 a4 19. Bxd5 Nxd5 20. Nb4 Ne7 21. Bc3 Bd5 22. Rad1 Rfd8 23. Nbd3 Nf5 24. Nf4 Bb3 25. Rd2 Bc4 26. Qd1 Qb6 27. d5 exd5 28. Nxd5 Bxd5 29. Rxd5 Rxd5 30. Qxd5 Rf8 31. Nd7 Qd8 32. Bxg7 Nxg7 33. Qd6 Ne6 34. g3 Re8 35. Re5 Qe7 36. Qxe7 Rxe7 37. Nc5 Rc7 38. Nxe6 fxe6 39. Rxb5 Kf7 40. Rb4 Rc2 41. Kg2 h5 42. h4 Kf6 43. Kf3 e5 44. Ke3 Kf5 45. Rb5 Kf6 46. Rb4 Kf5 47. f3 Rg2 48. Rxa4 Rxb2 49. g4+ hxg4 50. fxg4+ Kf6 51. Rb4 Ra2 52. Rb6+ Kf7 53. Rb3 Kf6 54. Kd3 Rh2 55. a4 Rxh4 56. Rb4 Rh3+ 57. Kc4 Rg3 58. Kb5 Ra3 59. a5 Ke6 60. a6 Kd6 61. Kb6 Kd5 62. Rb5+ Kd4 63. a7 Rxa7 64. Kxa7 e4 65. Rg5 e3 66. Rxg6 e2 67. Re6 Kd3 68. g5 1-0


[Site "https://www.chess.com"]

[Event "Titled Tuesday Blitz April 26 Early 2022"]
[White "Martin Carmona, Gaston Manuel"]
[Black "Itkis, Boris"]
[WhiteFideId "22284567"]
[BlackFideId "1209167"]
[WhiteElo "2146"]
[BlackElo "2207"]
[Result "1-0"]
[Round "08"]
[TimeControl "180+1"]
[Date "2022.04.26"]
[WhiteClock "0:00:45"]
[BlackClock "0:00:07"]

1. d4 Nf6 2. Nf3 e6 3. c4 d5 4. g3 Bb4+ 5. Bd2 Qe7 6. Bg2 O-O 7. O-O Ne4 8. Bc1 Nd7 9. a3 Bd6 10. c5 Ndxc5 11. dxc5 Bxc5 12. b4 Bd6 13. Bb2 b6 14. Nbd2 Bb7 15. Nxe4 dxe4 16. Nd4 Be5 17. Nc6 Bxc6 18. Bxe5 f6 19. Qc2 Bb5 20. Bb2 f5 21. a4 Be8 22. b5 Qf7 23. Be5 Rc8 24. f3 exf3 25. Bxf3 Bd7 26. e4 Rfd8 27. Rad1 Be8 28. Rxd8 Rxd8 29. Qxc7 Rd7 30. Qc8 h6 31. exf5 exf5 32. Bc6 Re7 33. Bxe8 Rxe8 34. Qc3 Re7 35. Bf4 Qd5 36. Rc1 Re2 37. Qc4 Qxc4 38. Rxc4 Re1+ 39. Kf2 Ra1 40. h4 Ra2+ 41. Ke3 Kf7 42. Rc7+ Ke6 43. Rxa7 g6 44. Ra6 Kd5 45. Rxb6 Ra3+ 46. Kf2 g5 47. hxg5 hxg5 48. Bxg5 Rxa4 49. Bf4 Ke4 50. Kg2 Ra2+ 51. Kh3 Kf3 52. Kh4 Rh2+ 53. Kg5 Ke4 54. Re6+ Kd5 55. Re5+ Kc4 56. Kxf5 Rb2 57. g4 Rxb5 58. Rxb5 Kxb5 59. g5 1-0


[Site "https://www.chess.com"]

[Event "Titled Tuesday Blitz April 26 Early 2022"]
[White "Matveeva, Olga"]
[Black "Sirosh, Ilja"]
[WhiteFideId "24107018"]
[BlackFideId "4500458"]
[WhiteElo "2083"]
[BlackElo "2241"]
[Result "0-1"]
[Round "08"]
[TimeControl "180+1"]
[Date "2022.04.26"]
[WhiteClock "0:00:05"]
[BlackClock "0:01:38"]

1. d4 d5 2. c4 e6 3. Nf3 Nf6 4. g3 dxc4 5. Bg2 Nbd7 6. Qa4 a6 7. Qxc4 b5 8. Qc2 Bb7 9. O-O c5 10. Nc3 Rc8 11. dxc5 Bxc5 12. a3 O-O 13. Bf4 Nd5 14. Bg5 Qb6 15. Nxd5 Bxd5 16. Qd2 f6 17. Bf4 Rfd8 18. b4 Bf8 19. Be3 Qb7 20. Qb2 Ne5 21. Rac1 Nxf3+ 22. exf3 Bxf3 23. Bxf3 Qxf3 24. Qb3 Qd5 25. Qxd5 exd5 26. Rxc8 Rxc8 27. Rd1 Rd8 28. Bd4 Rc8 29. Be3 Rd8 30. Bd4 Bd6 31. Kg2 Be5 32. Bb6 Rd7 33. f4 Bb2 34. Rd3 Kf7 35. Kf3 Ke6 36. g4 g6 37. h4 h5 38. gxh5 gxh5 39. Bc5 Kf5 40. Rd1 d4 41. Rd3 Rd8 42. Bb6 Re8 43. Bc5 Re4 44. Bd6 Bc1 45. Rd1 Bxf4 46. Bxf4 Rxf4+ 47. Kg3 Rg4+ 48. Kf3 Rxh4 49. Rg1 d3 50. Ke3 Rh3+ 51. Kd2 Rf3 52. Rg7 h4 53. Ra7 h3 54. Rxa6 h2 0-1


[Site "https://www.chess.com"]

[Event "Titled Tuesday Blitz April 26 Early 2022"]
[White "Melikhov, Evgeny V."]
[Black "Bashirli, Saadat"]
[WhiteFideId "4122046"]
[BlackFideId "13429990"]
[WhiteElo "1931"]
[BlackElo "1173"]
[Result "1-0"]
[Round "08"]
[TimeControl "180+1"]
[Date "2022.04.26"]
[WhiteClock "0:01:00"]
[BlackClock "0:00:50"]

1. d4 d5 2. c4 e6 3. Nc3 c6 4. e3 Nf6 5. Nf3 dxc4 6. Bxc4 b5 7. Bd3 Bb7 8. O-O Nbd7 9. e4 Be7 10. e5 Nd5 11. Ne4 O-O 12. Bg5 Bxg5 13. Nexg5 g6 14. Ne4 Nf4 15. Nd6 Qc7 16. Be4 Rad8 17. Qd2 Nh5 18. Qh6 f6 19. Bxg6 hxg6 20. Qxg6+ Ng7 21. Rac1 fxe5 22. Ng5 Nf6 23. dxe5 Rxd6 24. exf6 Rxf6 25. Qh7+ Kf8 26. Qh8+ Ke7 27. Qxg7+ Kd8 28. Qxf6+ Kc8 29. Rfd1 Rxd1+ 30. Rxd1 Ba6 31. Nxe6 Qh7 32. Qd8+ Kb7 33. Rd7+ Qxd7 34. Qxd7+ Kb6 35. Qc7# 1-0


[Site "https://www.chess.com"]

[Event "Titled Tuesday Blitz April 26 Early 2022"]
[White "Mihailidis, Anastasios"]
[Black "Simonovic, Miroslav"]
[WhiteFideId "4205588"]
[BlackFideId "919152"]
[WhiteElo "2312"]
[BlackElo "2043"]
[Result "1-0"]
[Round "08"]
[TimeControl "180+1"]
[Date "2022.04.26"]
[WhiteClock "0:00:03"]
[BlackClock "0:00:01"]

1. e4 c5 2. Nf3 Nc6 3. c4 e5 4. Nc3 g6 5. g3 Bg7 6. Bg2 Nge7 7. O-O O-O 8. d3 h6 9. Nd5 d6 10. Ne1 f5 11. f3 Nxd5 12. cxd5 Nd4 13. Nc2 Nxc2 14. Qxc2 f4 15. g4 h5 16. gxh5 gxh5 17. Kh1 h4 18. Rg1 h3 19. Bf1 Qh4 20. Qe2 Kf7 21. Bd2 Bf6 22. Be1 Qh5 23. Qf2 Bd7 24. Be2 Rg8 25. Bf1 Rxg1+ 26. Kxg1 Rg8+ 27. Kh1 Rh8 28. a3 Bh4 29. Qe2 Rg8 30. Bxh4 Qxh4 31. b4 b6 32. bxc5 bxc5 33. Rb1 Qd8 34. Rb7 Ke8 35. Qb2 Qg5 36. Qf2 Qd8 37. Rxa7 Qb8 38. Ra6 Kd8 39. Qh4+ Kc7 40. Qf2 Qb7 41. Ra5 Kb6 42. Qb2+ Kc7 43. Qc2 Rb8 44. Kg1 Qb1 45. Qxb1 Rxb1 46. Ra7+ Kc8 47. Ra8+ Kb7 48. Rd8 Bb5 49. Kf2 Rb2+ 50. Kg1 Rb3 51. Rxd6 Rxa3 52. Rh6 Bxd3 53. Bxd3 Rxd3 54. Rxh3 c4 55. Kf2 c3 56. Ke2 Rd2+ 57. Ke1 Kb6 58. Rh6+ Kb5 59. d6 Kb4 60. d7 Rxd7 61. Rb6+ Kc4 62. Rc6+ Kd4 63. Kd1 Ke3+ 64. Kc2 Rd3 65. h4 1-0


[Site "https://www.chess.com"]

[Event "Titled Tuesday Blitz April 26 Early 2022"]
[White "Mirzoev, Azer"]
[Black "O`Gorman, Tom"]
[WhiteFideId "13400304"]
[BlackFideId "2508249"]
[WhiteElo "2525"]
[BlackElo "2247"]
[Result "1-0"]
[Round "08"]
[TimeControl "180+1"]
[Date "2022.04.26"]
[WhiteClock "0:00:10"]
[BlackClock "0:00:14"]

1. d4 Nf6 2. Nf3 g6 3. Bf4 Bg7 4. e3 O-O 5. Be2 d6 6. h3 Nbd7 7. Bh2 c5 8. c3 b6 9. O-O Bb7 10. a4 a6 11. Nbd2 Ra7 12. Re1 Qa8 13. Bf1 Bc6 14. Qb1 Ne4 15. Qa2 Ndf6 16. Rec1 Qb7 17. b4 Rc8 18. Qb3 cxb4 19. cxb4 Bd5 20. Qb2 Qd7 21. Rxc8+ Qxc8 22. Rc1 Qd7 23. b5 a5 24. Qc2 h6 25. Qc8+ Kh7 26. Qxd7 Rxd7 27. Rc8 Nxd2 28. Nxd2 Ne4 29. Nc4 Bxc4 30. Bxc4 e6 31. Bd3 Nf6 32. Rc6 Nd5 33. Rxd6 Rxd6 34. Bxd6 Nc3 35. Bc2 Kg8 36. Bb3 Bf8 37. Bc7 Bb4 38. Bxb6 Kf8 39. Bc5+ Ke8 40. Kf1 Bxc5 41. dxc5 Ne4 42. Bc2 Nxc5 43. Ke2 Ke7 44. Kd2 Kd6 45. f4 f5 46. Kc3 h5 47. h4 Kd5 48. Bb3+ Kd6 49. Kc4 Ne4 50. Bc2 Nc5 51. Kd4 Nd7 52. Bb3 Nb6 53. e4 fxe4 54. Kxe4 Nd7 55. Bc2 Nc5+ 56. Kd4 Nd7 57. Bxg6 Nb6 58. Bc2 Nd7 59. g3 Nb6 60. Bd1 Ke7 61. Kc5 Nd7+ 62. Kc6 Nf6 63. b6 1-0


[Site "https://www.chess.com"]

[Event "Titled Tuesday Blitz April 26 Early 2022"]
[White "Miszler, Levente"]
[Black "Nurmanova, Alua"]
[WhiteFideId "763276"]
[BlackFideId "13729390"]
[WhiteElo "1966"]
[BlackElo "1905"]
[Result "0-1"]
[Round "08"]
[TimeControl "180+1"]
[Date "2022.04.26"]
[WhiteClock "0:00:01"]
[BlackClock "0:00:10"]

1. Nf3 Nf6 2. c4 g6 3. g3 Bg7 4. Bg2 O-O 5. O-O d6 6. Nc3 e5 7. d3 Nc6 8. Rb1 a5 9. a3 Re8 10. Nd2 Nd4 11. b4 axb4 12. axb4 c6 13. b5 Qc7 14. e3 Ne6 15. bxc6 bxc6 16. Nb5 Qd7 17. Ba3 Bf8 18. Bb2 Rb8 19. Nc3 Bg7 20. Qc2 Bb7 21. Ba3 d5 22. Rb3 Ba8 23. Rfb1 Rxb3 24. Qxb3 Ng5 25. Na4 Qf5 26. Nb6 Bb7 27. cxd5 cxd5 28. Na4 Bc6 29. Nc5 e4 30. dxe4 dxe4 31. Qb6 Bd5 32. Qd6 Ng4 33. Qf4 Qxf4 34. gxf4 Nf3+ 35. Bxf3 exf3 36. e4 Ba8 37. Nxf3 f5 38. Nd2 fxe4 39. Re1 Bd4 40. Ndxe4 Bxf2+ 41. Nxf2 Rxe1# 0-1


[Site "https://www.chess.com"]

[Event "Titled Tuesday Blitz April 26 Early 2022"]
[White "Moiseenko, Alexander"]
[Black "Djokic, Mihailo"]
[WhiteFideId "14102560"]
[BlackFideId "976440"]
[WhiteElo "2577"]
[BlackElo "2202"]
[Result "1-0"]
[Round "08"]
[TimeControl "180+1"]
[Date "2022.04.26"]
[WhiteClock "0:00:20"]
[BlackClock "0:00:53"]

1. d4 Nf6 2. Bg5 d5 3. e3 Nbd7 4. c4 e6 5. Nc3 h6 6. Bh4 g5 7. Bg3 Bb4 8. Ne2 Ne4 9. a3 Bxc3+ 10. Nxc3 Nxc3 11. bxc3 Nf6 12. Bd3 dxc4 13. Bxc4 b6 14. Qf3 Nd5 15. e4 Ne7 16. h4 Ng6 17. hxg5 Qxg5 18. Rh5 Qe7 19. Kf1 Bb7 20. Bb5+ c6 21. Bd3 O-O-O 22. a4 a6 23. Rb1 b5 24. axb5 cxb5 25. Rc5+ Kd7 26. Rc7+ Ke8 27. Rxe7+ Kxe7 28. Kg1 Rc8 29. d5 e5 30. d6+ Ke6 31. Qf5+ Kxd6 32. Qxf7 Rhg8 33. Qxb7 1-0


[Site "https://www.chess.com"]

[Event "Titled Tuesday Blitz April 26 Early 2022"]
[White "Moroni, Luca Jr"]
[Black "Zhigalko, Sergei"]
[WhiteFideId "865834"]
[BlackFideId "13502956"]
[WhiteElo "2573"]
[BlackElo "2662"]
[Result "1-0"]
[Round "08"]
[TimeControl "180+1"]
[Date "2022.04.26"]
[WhiteClock "0:00:10"]
[BlackClock "0:00:16"]

1. d4 Nf6 2. c4 e6 3. Nc3 Bb4 4. Nf3 b6 5. e3 Bb7 6. Bd3 O-O 7. O-O d5 8. cxd5 exd5 9. Ne5 Bd6 10. f4 c5 11. g4 Ne4 12. g5 Qe7 13. Qf3 Bxe5 14. dxe5 Nxc3 15. bxc3 Nc6 16. Bd2 Rad8 17. Rad1 Qe6 18. Bb1 d4 19. cxd4 cxd4 20. exd4 Rxd4 21. Be3 Rxd1 22. Rxd1 Nxe5 23. Qxb7 Qg4+ 24. Kf2 Qxd1 25. Qe4 Ng6 26. f5 Nh4 27. Bd3 Qh5 28. Be2 Nf3 29. Bxf3 Qxh2+ 30. Bg2 Qc7 31. Kg1 Qd7 32. g6 Re8 33. gxh7+ Kxh7 34. Qf3 Qe7 35. Bf2 Kg8 36. Qg4 Qf6 37. Bd4 Qh6 38. f6 g6 39. Bf2 Qc1+ 40. Kh2 Qh6+ 41. Bh3 Qd2 42. Kg2 Qd6 43. Qh4 Qe5 44. Bg4 Qe4+ 45. Kh2 Qf4+ 46. Bg3 Qd2+ 47. Kh3 Qe3 48. Kh2 Qd2+ 49. Kh3 Qc1 50. Bf3 Qf1+ 51. Bg2 Qf5+ 52. Kh2 Re6 53. Qd4 Qxf6 54. Qd7 Qe7 55. Qc8+ Qe8 56. Qc2 Re2 57. Qd3 Re3 58. Qd4 Re2 59. Bf4 Rxa2 60. Bd2 Qe7 61. Bc3 Qc7+ 62. Kh3 f6 63. Qd5+ Qf7 64. Qxf7+ Kxf7 65. Bd5+ Ke7 66. Bxa2 a5 67. Kg4 f5+ 68. Kg5 Kd6 69. Kxg6 f4 70. Kf5 f3 71. Be1 Kc5 72. Ke4 b5 73. Kxf3 a4 74. Ke2 b4 75. Bg8 b3 76. Kd1 Kd4 77. Kc1 Kd3 78. Kb2 Ke2 79. Bb4 Kd3 80. Bf7 Kd4 81. Ba3 Kd3 82. Be8 Kc4 83. Bxa4 Kd4 84. Bxb3 Kd3 85. Bc2+ Kc4 86. Bf8 Kd4 87. Bh6 Kd5 88. Kc3 Ke5 89. Bd3 Kd5 90. Bf4 Ke6 91. Kd4 Kf6 92. Ke4 Ke6 93. Bc4+ Kf6 94. Be5+ Kg5 95. Bf7 Kg4 96. Bf6 Kg3 97. Ke3 Kg4 98. Be6+ Kg3 99. Be5+ Kh4 100. Kf4 Kh5 101. Kf5 Kh4 102. Bd5 Kh3 103. Be4 Kh4 104. Bg2 Kh5 105. Bg3 Kh6 106. Kf6 Kh5 107. Bf3+ Kh6 108. Bf4+ Kh7 109. Kf7 Kh8 110. Bg2 Kh7 111. Be4+ Kh8 112. Be5# 1-0


[Site "https://www.chess.com"]

[Event "Titled Tuesday Blitz April 26 Early 2022"]
[White "Moskalenko, Alexander"]
[Black "Koziorowicz, Michal"]
[WhiteFideId "4155351"]
[BlackFideId "21809194"]
[WhiteElo "2434"]
[BlackElo "2235"]
[Result "1-0"]
[Round "08"]
[TimeControl "180+1"]
[Date "2022.04.26"]
[WhiteClock "0:00:01"]
[BlackClock "0:00:06"]

1. e4 c5 2. Nf3 d6 3. d4 cxd4 4. Nxd4 Nf6 5. Nc3 g6 6. Bg5 Bg7 7. Qd2 O-O 8. Bh6 Nc6 9. Bxg7 Kxg7 10. O-O-O Nxd4 11. Qxd4 Qa5 12. f4 Be6 13. a3 b5 14. Bxb5 Rab8 15. Bd3 Rb7 16. f5 Bd7 17. g4 e5 18. fxe6 Bxe6 19. h4 Qe5 20. Qxe5 dxe5 21. g5 Ng4 22. Rd2 f5 23. gxf6+ Nxf6 24. Rf1 Rfb8 25. b4 Rc8 26. Na4 Rcc7 27. Nc5 Rb6 28. Nxe6+ Rxe6 29. Kb2 Nh5 30. c4 Nf4 31. c5 Rd7 32. Kc3 Re8 33. Bb5 Rxd2 34. Kxd2 Rd8+ 35. Kc3 Rd4 36. c6 Rxe4 37. Bc4 Re3+ 38. Kb2 Re4 39. Rc1 Ne2 40. Bxe2 Rxe2+ 41. Rc2 Re1 42. c7 Kh6 43. c8=Q e4 44. Qf8+ Kh5 45. Qf4 1-0


[Site "https://www.chess.com"]

[Event "Titled Tuesday Blitz April 26 Early 2022"]
[White "Moussard, Jules"]
[Black "Svane, Rasmus"]
[WhiteFideId "642908"]
[BlackFideId "4657101"]
[WhiteElo "2589"]
[BlackElo "2645"]
[Result "0-1"]
[Round "08"]
[TimeControl "180+1"]
[Date "2022.04.26"]
[WhiteClock "0:00:03"]
[BlackClock "0:00:08"]

1. e4 c6 2. Nc3 d5 3. Nf3 dxe4 4. Nxe4 Nf6 5. Nxf6+ exf6 6. d4 Bd6 7. Bd3 O-O 8. O-O Re8 9. h3 Nd7 10. c4 Nf8 11. Be3 Be6 12. Re1 Ng6 13. Qd2 Qd7 14. Bf1 Bf5 15. Rad1 Rad8 16. a3 Be4 17. Nh2 Qc7 18. Nf3 Bxf3 19. gxf3 Nh4 20. Bg2 Qd7 21. Qd3 Re7 22. d5 c5 23. b4 b6 24. Bd2 Rde8 25. Re4 g5 26. Rde1 h6 27. Bc3 Be5 28. Bxe5 Rxe5 29. f4 gxf4 30. Rxe5 fxe5 31. bxc5 bxc5 32. Kh2 Kh8 33. d6 Rg8 34. Bh1 Rg6 35. Rxe5 Qxd6 36. Qxd6 Rxd6 37. Rh5 Ng6 38. Rxc5 Rd2 39. Kg1 Rd1+ 40. Kh2 Rd2 41. Kg1 Nh4 42. Rd5 Rc2 43. Rd4 Ng6 44. Be4 Rc1+ 45. Kh2 Ne5 46. Bd5 f3 47. Kg3 f6 48. a4 a5 49. Bxf3 Rc3 50. Rf4 Kg7 51. Kg2 Rxc4 52. Rxc4 Nxc4 53. Kg3 Ne5 54. Be2 f5 55. Kf4 Kf6 56. Bb5 Ng6+ 57. Ke3 Ke5 58. Be8 Nf4 59. Bb5 Nxh3 60. Kf3 Ng5+ 61. Kg3 Ne4+ 62. Kg2 Kf4 63. Bd7 Nc5 64. Be8 Kg4 65. Bc6 Nd3 66. Bf3+ Kf4 67. Bc6 Ne5 68. Be8 Kg4 69. Bb5 f4 70. Be8 h5 71. Bb5 h4 72. f3+ Kg5 73. Be2 Nc6 74. Kh3 Nd4 75. Bd1 Nf5 76. Be2 Ne3 77. Bb5 Nc2 78. Bc6 Nd4 79. Be4 Ne6 80. Bd5 Nc5 81. Bc6 Nd3 82. Be4 Ne5 83. Kg2 Kh5 84. Kh3 Nf7 85. Bf5 Ng5+ 86. Kg2 Kh6 87. Kf2 Kg7 88. Ke2 Kf6 89. Bg4 Ke5 90. Kf2 Kd4 91. Bf5 Kc3 92. Bd7 Kd2 93. Bg4 h3 94. Bd7 h2 95. Kg2 Nxf3 96. Bc6 Ne5 97. Bd5 f3+ 98. Bxf3 Nxf3 99. Kh1 Ne5 100. Kg2 Nd7 101. Kxh2 Nc5 0-1


[Site "https://www.chess.com"]